AoeStats
← AjarFan

Arabia

509018978Analyzed
3v3 RM · 7d ago on Sep 25, 2026· 71m 0s· 6 players
Game mode
Random Map
Map size
Normal (6 player)
Population
200
Speed
Normal
Resources
Standard
Victory
Conquest
Starting age
Dark Age
Ending age
Imperial Age
RankedLock teamsTeams togetherTeam positionsShared explorationLock speedFull tech treeHidden civsTurbo modeCheats
Victory
Defeat
🇲🇽 Magyars · Mexico
1226
+16
🇲🇽 Goths · Mexico
1191
+17
🇲🇽 Vietnamese · Mexico
1156
+18
🇲🇽 Cumans · Mexico
1277
-20
🇲🇽 Jurchens · Mexico
1195
-16
🇲🇽 Saracens · Mexico
1168
-15
[QW] Chopinwaffles
7:07 Loom
9:31 Feudal Age
10:12 Double-Bit Axe
22:09 Castle Age
20:53 Bloodlines
21:09 Gold Mining
24:21 Husbandry
24:56 Scale Barding Armor
28:00 Forging
30:23 Wheelbarrow
31:35 Town Watch
31:44 Horse Collar
32:56 Heavy Plow
34:46 Chain Barding Armor
39:18 Hand Cart
47:13 Imperial Age
45:15 Anarchy
44:51 Pikeman
45:33 Scale Mail Armor
46:34 Iron Casting
46:06 Squires
47:31 Bow Saw
47:12 Stone Mining
47:51 Halberdier
49:43 Chain Mail Armor
51:02 Blast Furnace
50:55 Elite Huskarl
56:54 Fletching
56:36 Light Cavalry
58:08 Bodkin Arrow
59:08 Conscription
58:51 Perfusion
58:50 Man-at-Arms
60:45 Chemistry
59:33 Long Swordsman
63:42 Masonry
65:30 Hussar
68:29 Bracer
Landshark
6:17 Loom
9:17 Feudal Age
10:19 Double-Bit Axe
10:17 Horse Collar
15:21 Town Watch
18:23 Wheelbarrow
22:45 Castle Age
22:00 Fletching
24:25 Bodkin Arrow
24:27 Gold Mining
25:00 Bow Saw
27:34 Padded Archer Armor
28:41 Hand Cart
29:01 Husbandry
29:58 Ballistics
33:36 Leather Archer Armor
35:04 Stone Mining
36:04 Thumb Ring
36:35 Bloodlines
36:55 Heavy Plow
41:11 Imperial Age
40:23 Corvinian Army
42:06 Bracer
43:12 Chemistry
42:31 Scale Barding Armor
42:56 Ring Archer Armor
42:48 Heavy Cavalry Archer
45:04 Parthian Tactics
44:52 Scale Barding Armor
44:09 Light Cavalry
45:28 Hussar
46:29 Chain Barding Armor
46:32 Conscription
48:18 Plate Barding Armor
48:27 Treadmill Crane
51:25 Crop Rotation
51:58 Two-Man Saw
52:41 Careening
55:12 Coinage
55:32 Recurve Bow
55:28 Elite Magyar Huszar
57:12 Siege Engineers
59:08 Banking
64:38 Caravan
AjarFan
5:28 Loom
11:14 Feudal Age
13:56 Double-Bit Axe
14:48 Fletching
23:11 Castle Age
22:48 Horse Collar
23:01 Gold Mining
24:03 Thumb Ring
24:27 Bow Saw
24:24 Crossbowman
25:42 Bodkin Arrow
26:06 Heavy Plow
31:28 Wheelbarrow
31:54 Ballistics
38:27 Hand Cart
46:25 Imperial Age
48:37 Chemistry
47:48 Bracer
49:57 Arbalester
54:14 Two-Man Saw
64:03 Caravan
tona1410
9:27 Feudal Age
8:39 Loom
9:59 Horse Collar
10:05 Double-Bit Axe
25:13 Castle Age
22:57 Horse Collar
23:36 Bloodlines
23:36 Forging
23:55 Scale Barding Armor
25:40 Gold Mining
26:43 Iron Casting
26:45 Heavy Plow
26:57 Bow Saw
27:23 Wheelbarrow
28:00 Chain Barding Armor
30:25 Hand Cart
31:35 Fletching
36:28 Bodkin Arrow
42:38 Imperial Age
39:54 Town Watch
40:11 Padded Archer Armor
40:32 Ballistics
41:09 Leather Archer Armor
43:56 Plate Barding Armor
44:22 Blast Furnace
44:03 Ring Archer Armor
43:35 Murder Holes
44:41 Chemistry
43:28 Cavalier
47:01 Blast Furnace
45:26 Paladin
48:03 Two-Man Saw
47:35 Crop Rotation
47:32 Conscription
53:28 Light Cavalry
58:40 Hussar
60:52 Stone Mining
FrumpyImpala821
7:34 Loom
11:16 Feudal Age
17:08 Fletching
23:35 Castle Age
21:55 Double-Bit Axe
22:33 Scale Mail Armor
22:37 Gold Mining
23:30 Forging
24:41 Wheelbarrow
24:47 Man-at-Arms
26:20 Chain Mail Armor
25:31 Long Swordsman
26:28 Arson
30:49 Iron Casting
31:50 Squires
34:24 Gambesons
38:57 Hand Cart
38:27 Pikeman
42:43 Imperial Age
41:14 Horse Collar
42:52 Two-Handed Swordsman
44:15 Gold Shaft Mining
44:54 Plate Mail Armor
44:37 Heavy Plow
45:13 Stone Mining
45:00 Champion
47:29 Ballistics
48:17 Blast Furnace
48:16 Onager
49:23 Siege Engineers
56:34 Chemistry
58:41 Siege Onager
66:46 Masonry
66:32 Murder Holes
StampedPear67
4:58 Loom
11:20 Feudal Age
12:33 Double-Bit Axe
23:29 Castle Age
21:49 Horse Collar
27:20 Wheelbarrow
26:59 Bloodlines
27:13 Husbandry
28:00 Scale Barding Armor
28:15 Forging
29:54 Heavy Plow
31:57 Elite Skirmisher
34:25 Padded Archer Armor
34:16 Fletching
37:18 Town Watch
39:05 Bodkin Arrow
46:22 Bow Saw
49:03 Iron Casting
48:31 Gold Mining
49:05 Fortified Bastions
49:53 Chain Barding Armor
50:08 Hand Cart
54:49 Imperial Age
57:15 Masonry
59:08 Light Cavalry
62:01 Plate Barding Armor
66:13 Leather Archer Armor
65:59 Bracer
69:52 Ballistics
Connection lost

Rejoining the realm…

Still unreachable

The connection could not be restored.

Session expired

The server has moved on; the page needs a fresh start.